Map: Acropolis LE

Players

ShoWTimE - Winner!

  • Race: Protoss Protoss
  • Spawn Location: 5:00

Harstem

  • Race: Protoss Protoss
  • Spawn Location: 11:00

VOD

Have the link to the VOD?

Description

Time

  • Played on: Sept. 6, 2019, 9:40 p.m.
  • Length: 24:03
Show
View Real Time Build Order
Export as new Build Order

ShoWTimE Protoss - Winner!

Build Orders: Phoenix Opening, Archon Immortal 

Get SALT Encoding   

  12  0:00  Probe  
  13  0:12  Probe  
  14  0:17  Pylon  
  14  0:23  Probe  
  15  0:32  Probe  
  15  0:36  Gateway  
  15  0:40  Probe  
  16  0:45  Assimilator  
  17  0:51  Probe  
  17  0:54  Assimilator  
  18  0:59  Probe  
  19  1:08  Probe  
  19  1:12  Gateway  
  19  1:17  Probe  
  20  1:23  Cybernetics Core  
  21  1:29  Probe  
  22  1:35  Pylon  
  22  1:41  Probe  
  23  1:53  Probe  
  24  2:00  Stargate  
  18  2:01  Adept  
  24  2:06  Warp Gate  
  26  2:09  Adept  
  28  2:20  Pylon  
  28  2:37  Phoenix  
  28  2:50  Stalker  
  31  2:58  Phoenix  
  33  3:11  Nexus  
  33  3:16  Probe, Phoenix  
  36  3:29  Probe  
  37  3:35  Pylon  
  37  3:41  Probe  
  38  3:53  Probe, Phoenix  
  41  4:01  Robotics Facility  
  41  4:05  Probe  
  42  4:13  Probe  
  42  4:15  Forge  
  42  4:20  Probe  
  42  4:21  Probe  
  42  4:23  Sentry  
  46  4:29  Probe  
  47  4:31  Probe  
  47  4:38  Probe  
  49  4:43  Probe  
  49  4:44  Protoss Ground Weapons Level 1  
  51  4:50  Probe  
  52  4:53  Observer  
  52  4:55  Probe  
  50  5:02  Probe  
  51  5:08  Probe, Assimilator  
  51  5:10  Immortal  
  51  5:11  Assimilator  
  52  5:14  Probe  
  52  5:20  Probe  
  56  5:25  Pylon  
  56  5:26  Probe  
  56  5:28  Shield Battery  
  57  5:32  Twilight Council, Probe  
  58  5:39  Probe  
  59  5:44  Immortal, Probe  
  64  5:54  Gateway  
  64  5:57  Gateway  
  64  6:02  Gateway  
  64  6:08  Charge  
  64  6:09  Gateway  
  64  6:12  Templar Archives  
  64  6:13  Protoss Ground Weapons Level 2  
  64  6:19  Gateway  
  64  6:26  Gateway  
  64  6:28  Pylon  
  64  6:32  Warp Prism  
  64  6:37  Pylon  
  66  6:45  Pylon  
  66  6:58  Pylon  
  66  6:59  High Templar x2  
  70  7:03  Archon  
  70  7:04  Nexus  
  70  7:13  High Templar x2  
  70  7:14  Zealot x2  
  78  7:18  Archon  
  78  7:21  Zealot x2  
  82  7:33  Pylon  
  82  7:42  High Templar  
  82  7:43  Zealot x4, High Templar  
  94  7:46  Pylon  
  94  7:47  Archon  
  94  7:59  Zealot x2  
  94  8:00  Probe x2  
  94  8:05  Pylon  
  100  8:07  High Templar  
  100  8:08  High Templar  
  100  8:09  Zealot x2  
  106  8:22  Probe x3  
  109  8:27  Pylon  
  109  8:32  Archon  
  110  8:34  Probe x3  
  110  8:38  Protoss Ground Weapons Level 3, Pylon  
  112  8:50  Zealot x5, High Templar x3  
  112  8:51  Warp Prism  
  120  9:03  Archon  
  120  9:05  Assimilator  
  120  9:07  Assimilator  
  120  9:08  Pylon  
  120  9:10  Probe  
  120  9:11  Zealot, Probe x2  
  125  9:22  High Templar  
  125  9:23  Immortal, Photon Cannon  
  127  9:27  Archon  
  127  9:35  Probe x2  
  127  9:38  Probe  
  134  9:46  Robotics Bay  
  134  9:48  Pylon  
  134  9:49  Robotics Facility  
  134  9:52  Probe x2  
  136  9:55  Immortal  
  136  9:58  Photon Cannon  
  136  10:00  Photon Cannon  
  136  10:02  Photon Cannon  
  136  10:03  Probe  
  136  10:04  Probe  
  140  10:16  Nexus  
  140  10:19  Pylon  
  140  10:27  Disruptor  
  140  10:29  Zealot x2  
  140  10:30  Zealot  
  140  10:31  Zealot x2  
  140  10:35  Zealot  
  152  10:37  Disruptor  
  158  10:51  Dark Shrine  
  158  10:54  Probe x3  
  158  10:55  Pylon  
  164  11:04  Photon Cannon  
  164  11:06  Shield Battery  
  164  11:09  Pylon  
  164  11:10  Disruptor  
  164  11:17  Photon Cannon  
  167  11:19  Protoss Shields Level 1  
  167  11:20  Photon Cannon  
  167  11:23  Observer  
  167  11:26  Zealot x2  
  167  11:31  Zealot x2  
  169  11:32  Zealot x2  
  169  11:37  Assimilator  
  161  11:42  Zealot x2, Assimilator  
  161  11:44  Disruptor  
  161  11:46  Observer  
  163  11:57  Gravitic Boosters  
  163  11:59  Probe  
  164  12:01  Zealot x3  
  164  12:02  Photon Cannon  
  164  12:04  Photon Cannon  
  170  12:09  Oracle  
  170  12:10  Disruptor  
  176  12:21  Fleet Beacon  
  176  12:24  Probe x3  
  179  12:33  Stalker x3  
  179  12:34  Disruptor  
  186  12:46  Disruptor  
  189  12:56  Mothership  
  188  12:59  Stargate  
  192  13:20  Protoss Shields Level 2  
  192  13:25  Tempest  
  197  13:28  Observer  
  197  13:33  Dark Templar x6  
  197  13:34  Zealot, Dark Templar  
  193  13:36  Protoss Air Weapons Level 1  
  195  13:47  Tempest  
  185  14:11  Tempest  
  188  14:21  Dark Templar x5  
  188  14:22  Zealot  
  200  14:26  Nexus  
  200  14:29  Pylon  
  195  14:39  Zealot x2  
  199  14:47  Tempest  
  200  14:58  Photon Cannon  
  200  14:59  Tempest  
  194  15:00  Photon Cannon  
  194  15:02  Photon Cannon  
  194  15:03  Photon Cannon  
  199  15:13  Stargate  
  199  15:14  Assimilator  
  199  15:17  Stargate  
  199  15:18  Assimilator  
  199  15:20  Gravitic Drive  
  199  15:22  Shield Battery  
  199  15:24  Pylon  
  199  15:36  Photon Cannon  
  199  15:39  Photon Cannon  
  199  15:49  Zealot  
  200  15:50  Zealot x2  
  200  15:55  Photon Cannon  
  200  15:57  Photon Cannon  
  200  16:03  Zealot x2  
  200  16:10  Zealot x2  
  200  16:16  Cybernetics Core  
  200  16:17  Tempest  
  200  16:23  Tempest x2  
  199  16:26  Dark Templar  
  199  16:27  Zealot  
  199  16:29  Dark Templar x3  
  199  16:30  Cybernetics Core  
  197  16:36  Tempest  
  197  16:39  Dark Templar x2  
  196  16:50  Archon x3  
  196  16:53  Protoss Air Weapons Level 2  
  196  16:57  Zealot  
  196  16:58  Zealot  
  196  17:01  Pylon  
  200  17:03  Pylon  
  199  17:16  Shield Battery  
  199  17:18  Pylon  
  199  17:21  Forge  
  198  17:35  Dark Templar  
  200  17:43  Dark Templar x2  
  200  17:56  Protoss Shields Level 3  
  200  18:13  Protoss Air Armor Level 1  
  196  18:29  Observer  
  196  18:32  Nexus  
  197  18:35  Pylon  
  197  18:39  Tempest  
  200  19:02  Stargate  
  200  19:05  Dark Shrine, Stargate  
  200  19:16  Blink  
  200  19:34  Photon Cannon  
  200  19:36  Photon Cannon  
  180  19:38  Photon Cannon  
  180  19:40  Photon Cannon  
  180  19:41  Photon Cannon  
  180  19:43  Photon Cannon  
  180  19:45  Zealot x6  
  180  19:46  Shield Battery  
  180  19:50  Assimilator  
  180  19:55  Assimilator  
  180  19:56  Disruptor  
  180  19:57  Fleet Beacon  
  180  19:58  Pylon  
  183  20:19  Oracle  
  183  20:20  Oracle  
  183  20:21  Stalker x6  
  178  20:40  Tempest  
  164  20:44  Tempest  
  164  20:48  Tempest  
  164  20:49  Tempest  
  149  20:57  Stalker x6  
  164  21:23  Disruptor  
  172  21:26  Tempest  
  172  21:27  Tempest  
  172  21:30  Zealot x5  
  186  21:44  Zealot  
  164  21:59  Disruptor  
  158  22:12  Stalker x6  
  169  22:22  Gateway  
  169  22:24  Gateway  
  169  22:25  Gateway  
  169  22:29  Pylon  
  169  22:31  Oracle, Pylon, Void Ray  
  169  22:35  Disruptor  
  172  22:41  Fleet Beacon  
  171  22:51  Stalker  
  171  22:52  Stalker x5  
  169  23:08  Pylon  
  169  23:10  Photon Cannon, Disruptor  
  169  23:12  Photon Cannon  
  172  23:19  Zealot x9  
  193  23:41  Stalker x3  
  198  23:49  Zealot x4  
  198  23:50  Zealot x2  
Show
View Real Time Build Order
Export as new Build Order

Harstem Protoss 

Build Orders: Carriers, Zealot Archon 

Get SALT Encoding   

  12  0:00  Probe  
  13  0:13  Probe  
  14  0:18  Pylon  
  14  0:24  Probe  
  15  0:32  Probe  
  15  0:38  Gateway  
  15  0:40  Probe  
  16  0:46  Assimilator  
  17  0:51  Probe  
  17  0:55  Assimilator  
  18  1:01  Probe  
  19  1:08  Gateway  
  19  1:09  Probe  
  19  1:17  Probe  
  20  1:25  Cybernetics Core  
  21  1:29  Probe  
  22  1:35  Pylon  
  22  1:42  Probe  
  23  2:00  Adept  
  23  2:01  Adept  
  27  2:03  Warp Gate  
  27  2:10  Pylon  
  27  2:11  Probe  
  28  2:33  Stalker  
  28  2:35  Sentry  
  32  2:45  Probe  
  32  2:50  Nexus  
  32  2:57  Forge, Probe  
  33  3:03  Sentry  
  33  3:05  Stalker  
  37  3:12  Probe  
  38  3:14  Pylon  
  38  3:20  Protoss Ground Weapons Level 1  
  38  3:24  Probe  
  39  3:37  Probe  
  40  3:41  Twilight Council  
  40  3:52  Stalker  
  40  3:53  Stalker  
  40  3:54  Probe  
  45  4:01  Probe  
  46  4:06  Probe  
  45  4:11  Blink  
  45  4:13  Probe  
  46  4:18  Probe  
  46  4:19  Stalker  
  49  4:26  Probe  
  49  4:30  Stalker  
  52  4:32  Probe  
  52  4:38  Probe  
  52  4:39  Pylon  
  52  4:45  Stalker  
  52  4:53  Probe  
  52  4:54  Probe  
  51  5:01  Stalker  
  51  5:05  Probe  
  51  5:06  Probe  
  55  5:12  Stalker  
  57  5:14  Probe  
  57  5:15  Probe  
  57  5:17  Phoenix  
  56  5:22  Probe  
  56  5:23  Probe  
  56  5:25  Assimilator  
  56  5:26  Stalker  
  56  5:27  Protoss Ground Weapons Level 2  
  56  5:28  Assimilator  
  60  5:31  Probe  
  60  5:33  Probe  
  61  5:42  Pylon  
  62  5:43  Probe  
  62  5:45  Probe  
  64  5:55  Pylon, Probe  
  64  5:57  Robotics Facility  
  65  6:01  Probe  
  66  6:05  Gateway  
  66  6:07  Gateway, Pylon  
  66  6:12  Charge  
  66  6:16  Probe  
  66  6:17  Probe  
  67  6:31  Probe  
  67  6:32  Probe  
  69  6:37  Templar Archives  
  69  6:41  Nexus  
  70  6:48  Gateway x2  
  70  6:51  Gateway  
  69  6:56  Warp Prism, Gateway  
  69  7:04  Probe  
  69  7:08  Phoenix  
  72  7:09  Probe  
  73  7:16  High Templar x2  
  73  7:17  High Templar  
  73  7:18  Pylon, Probe  
  73  7:19  High Templar  
  82  7:23  Pylon, Probe  
  82  7:27  Archon x2  
  83  7:30  Probe  
  83  7:36  Pylon, Probe  
  85  7:42  Probe  
  86  7:47  Shield Battery  
  86  7:48  Shield Battery  
  86  7:50  High Templar x2  
  90  7:51  Zealot x3  
  90  7:57  Probe  
  94  7:58  Probe  
  94  8:06  Shield Battery, Probe  
  94  8:09  Shield Battery, Probe  
  94  8:11  Zealot x3  
  102  8:22  Shield Battery  
  102  8:24  High Templar x2  
  102  8:25  Sentry  
  102  8:26  Zealot x2  
  112  8:31  Archon  
  112  8:33  Zealot x2  
  116  8:35  Probe  
  116  8:38  Stalker  
  116  8:42  Probe  
  116  8:47  Zealot x2  
  113  8:52  Zealot  
  111  8:58  Protoss Ground Weapons Level 3  
  111  8:59  Probe  
  111  9:01  Probe x2  
  114  9:03  Assimilator  
  114  9:07  Assimilator  
  114  9:11  Probe  
  114  9:12  Warp Prism  
  114  9:13  Probe  
  114  9:14  Dark Shrine  
  112  9:19  Probe  
  115  9:29  High Templar  
  115  9:30  High Templar  
  119  9:34  Photon Cannon  
  119  9:35  Archon  
  119  9:38  Nexus  
  119  9:43  Probe  
  120  9:52  Zealot x3  
  126  9:53  Zealot  
  126  9:55  Probe  
  126  9:58  Pylon  
  129  10:00  Pylon  
  129  10:03  Pylon  
  129  10:09  Probe  
  130  10:16  Probe  
  130  10:18  High Templar x4  
  130  10:20  Photon Cannon, Pylon  
  139  10:22  Archon x2  
  139  10:35  Probe  
  140  10:36  Pylon  
  140  10:40  Probe  
  140  10:42  Probe  
  134  10:43  Immortal  
  134  10:44  Robotics Bay  
  134  10:47  Probe, Robotics Facility  
  134  10:49  Dark Templar x2  
  139  10:50  Zealot x2  
  139  10:52  Probe  
  148  11:02  Assimilator  
  148  11:04  Assimilator  
  148  11:15  Photon Cannon  
  148  11:19  Photon Cannon  
  148  11:29  Disruptor  
  148  11:31  Disruptor, Zealot  
  148  11:32  Probe, Dark Templar  
  150  11:34  Probe x2  
  155  11:43  Probe  
  149  11:47  Dark Templar  
  149  11:52  Probe  
  149  11:53  Disruptor  
  152  11:54  Shield Battery  
  152  11:55  Gravitic Drive  
  152  11:57  Pylon  
  152  12:00  Zealot x2, Dark Templar x2  
  156  12:03  Protoss Shields Level 1, Disruptor  
  158  12:11  Stargate  
  158  12:14  Probe  
  159  12:18  Disruptor  
  162  12:32  Disruptor  
  163  12:44  Probe, Disruptor  
  164  12:58  Warp Prism  
  157  13:03  Fleet Beacon  
  157  13:05  Stargate, Dark Templar  
  159  13:18  Zealot x4  
  159  13:19  Zealot x3  
  163  13:40  Mothership  
  163  13:50  Carrier  
  163  13:51  Oracle  
  170  14:09  Stargate  
  168  14:12  Observer  
  162  14:19  Observer  
  162  14:21  Dark Templar  
  166  14:31  Warp Prism  
  160  14:32  Zealot x3  
  160  14:33  Zealot x4  
  160  14:34  Protoss Shields Level 2  
  141  14:41  Warp Prism  
  141  14:43  Carrier  
  151  14:47  Carrier  
  151  14:49  Dark Templar  
  151  14:50  Dark Templar x3  
  151  14:51  Zealot x3  
  161  14:58  Carrier  
  163  15:00  Probe  
  162  15:13  Probe  
  168  15:32  Nexus  
  168  15:34  Pylon  
  168  15:35  Gravitic Boosters  
  166  15:37  Assimilator  
  166  15:42  Carrier, Assimilator  
  166  15:45  Photon Cannon  
  166  15:46  Photon Cannon  
  166  15:47  Carrier  
  166  15:49  Observer  
  171  15:52  Photon Cannon  
  171  15:54  Photon Cannon  
  172  15:57  Protoss Air Weapons Level 1  
  172  16:02  Zealot x3, Dark Templar  
  172  16:03  Zealot x2, Dark Templar  
  172  16:04  Observer, Zealot  
  171  16:18  Probe  
  171  16:22  Carrier  
  164  16:25  Probe  
  164  16:26  Probe x2  
  164  16:27  Photon Cannon  
  164  16:29  Carrier  
  164  16:30  Probe, Zealot x6  
  172  16:38  Probe x2  
  172  16:40  Photon Cannon  
  172  16:45  Pylon, Carrier  
  160  17:00  Warp Prism  
  160  17:19  Carrier  
  160  17:21  Pylon  
  158  17:27  Probe  
  165  17:35  Carrier  
  165  17:38  Zealot x6  
  175  17:56  Carrier  
  167  18:00  Probe x2  
  167  18:04  Shield Battery  
  163  18:09  Dark Templar  
  163  18:10  Zealot, Dark Templar  
  175  18:17  Zealot  
  175  18:18  Dark Templar  
  179  18:21  Carrier  
  179  18:43  Oracle  
  179  18:45  Stalker  
  179  18:46  Stalker x3  
  175  19:13  Stalker  
  175  19:14  Stalker x5  
  183  19:19  Oracle  
  183  19:23  Pylon  
  186  19:49  Carrier  
  192  19:58  Stalker x2  
  196  20:01  Nexus  
  191  20:23  Observer, Oracle  
  149  20:43  Carrier  
  149  20:49  Observer x2  
  149  20:56  Dark Templar x2  
  153  20:57  Zealot, Dark Templar  
  154  21:05  Probe  
  155  21:14  Carrier  
  131  22:22  Zealot x6  
  127  22:38  Observer  
  119  23:04  Zealot x2  
  119  23:05  Zealot x4  
Tags
 
Add a new tag
Caveats
  • Supply blocks, unpowered buildings, or Contaminate may cause inaccurate times.
  • Supply counts are checked every 10 seconds.